 Dungeon Crawl Stone Soup version 0.30-a0-172-gc5509c9e31 (webtiles) character file.

Game seed: 12200201627531074295

22296 gruber the Destroyer (level 12, -1/102 HPs)
             Began as a Pale Draconian Conjurer on Oct 1, 2022.
             Was an Elder of Vehumet.
             Slain by a hell knight
             ... wielding a +0 halberd of flaming
              (11 damage)
             ... in a volcano.
             The game lasted 00:29:30 (15616 turns).

gruber the Destroyer (Pale Draconian Conjurer)     Turns: 15616, Time: 00:29:31

Health: -1/102     AC: 11    Str: 17    XL:     12   Next: 61%
Magic:  3/22       EV: 14    Int: 24    God:    Vehumet [****..]
Gold:   564        SH:  0    Dex: 14    Spells: 17/25 levels left

rFire   + . .      SeeInvis .    u - staff of fire
rCold   . . .      Faith    .    (no shield)
rNeg    . . .      Spirit   .    (body armour unavailable)
rPois   .          Reflect  .    S - +0 hat
rElec   .          Harm     .    (no cloak)
rCorr   .          Rampage  .    (no gloves)
Will    .....                    N - +2 pair of boots of Qonniodo {Int+2 Dex+4 Stlth+}
Stlth   +++.......               j - amulet of regeneration
HPRegen 1.17/turn                y - +6 ring of strength
MPRegen 0.18/turn                P - ring of wizardry

@: short of breath
A: breathe steam, AC +8, unfitting armour, cold-blooded, steam resistance
a: Breathe Steam, Renounce Religion


You were in a volcano.
You worshipped Vehumet.
Vehumet was greatly pleased with you.
You visited 2 branches of the dungeon, and saw 14 of its levels.
You also visited: Volcano.

You collected 887 gold pieces.
You spent 323 gold pieces at shops.

Inventory:

Hand Weapons
 q - a +1 flail of protection
 B - the +4 dagger of Distant Worlds {vorpal, rPois rN++}
   (You found it on level 5 of the Dungeon)

   It inflicts extra damage upon your enemies.
   rPois:     It protects you from poison.
   rN:        It greatly protects you from negative energy.
Missiles
 I - 2 curare-tipped darts
Armour
 N - the +2 pair of boots of Qonniodo (worn) {Int+2 Dex+4 Stlth+}
   (You bought it in a shop on level 8 of the Dungeon)

   Int:       It affects your intelligence (+2).
   Dex:       It affects your dexterity (+4).
   Stlth:     It makes you more stealthy.
 S - a +0 hat (worn)
Magical Staves
 u - a staff of fire (weapon)
Jewellery
 j - an amulet of regeneration (around neck)
 y - a +6 ring of strength (left hand)
 F - an amulet of guardian spirit
 P - a ring of wizardry (right hand)
 Q - a ring of willpower
Wands
 p - a wand of flame (58)
 K - a wand of iceblast (22)
 O - a wand of paralysis (1)
Scrolls
 b - 10 scrolls of identify {unknown}
 c - 3 scrolls of enchant armour {unknown}
 d - 3 scrolls of noise {unknown}
 e - 3 scrolls of immolation {unknown}
 g - 6 scrolls of teleportation {unknown}
 k - 4 scrolls of poison {unknown}
 l - 5 scrolls of enchant weapon {unknown}
 r - a scroll of vulnerability {unknown}
 s - 5 scrolls of magic mapping {unknown}
 v - 2 scrolls of blinking {unknown}
 x - 2 scrolls of brand weapon {unknown}
 A - 2 scrolls of fog {unknown}
 D - a scroll of amnesia {unknown}
 H - a scroll of silence {unknown}
 R - 2 scrolls of fear {unknown}
Potions
 a - 2 potions of magic
 f - 2 potions of resistance {unknown}
 h - 4 potions of flight {unknown}
 i - 4 potions of curing
 m - 6 potions of heal wounds
 n - 2 potions of lignification {unknown}
 o - 3 potions of ambrosia {unknown}
 t - 4 potions of attraction {unknown}
 w - a potion of degeneration {unknown}
 z - a potion of berserk rage {unknown}
 C - 4 potions of might {unknown}
 E - 2 potions of cancellation {unknown}
 G - 2 potions of mutation {unknown}
 J - 2 potions of invisibility {unknown}
 L - 3 potions of haste {unknown}
 M - a potion of brilliance {unknown}


   Skills:
 - Level 8.3 Fighting
 - Level 6.0 Dodging
 - Level 1.7 Stealth
 - Level 7.1 Spellcasting
 * Level 14.1 Conjurations
 - Level 12.0 Fire Magic


You had 17 spell levels left.
You knew the following spells:

 Your Spells              Type           Power      Damage    Failure   Level
a - Magic Dart            Conj           100%       1d8       0%          1
b - Searing Ray           Conj           100%       2d8       1%          2
c - Iskenderun's Mystic   Conj/Tloc      42%        2d10      1%          4
d - Foxfire               Conj/Fire      100%       2x1d9     1%          1

Your spell library contained the following spells:

 Spells                   Type           Power      Damage    Failure   Level
 Ozocubu's Refrigeration  Ice            4%         4d8       98%         7
 Momentum Strike          Conj/Tloc      84%        3d10      1%          2
 Dazzling Flash           Conj/Hex       84%        N/A       1%          3
 Fulminant Prism          Conj/Hex       21%        3d13      1%          4
 Frozen Ramparts          Ice            16%        1d3       2%          3
 Blink                    Tloc           16%        N/A       4%          2
 Call Canine Familiar     Summ           8%         N/A       9%          3
 Lesser Beckoning         Tloc           8%         N/A       9%          3
 Portal Projectile        Hex/Tloc       16%        N/A       9%          3
 Tukima's Dance           Hex            8%         N/A       9%          3
 Ice Form                 Ice/Tmut       8%         N/A       26%         4
 Leda's Liquefaction      Hex/Erth       4%         N/A       26%         4
 Summon Ice Beast         Ice/Summ       8%         N/A       26%         4
 Alistair's Intoxication  Tmut/Pois      5%         N/A       58%         5
 Blade Hands              Tmut           4%         N/A       58%         5
 Borgnjor's Vile Clutch   Necr/Erth      4%         N/A       58%         5
 Eringya's Noxious Bog    Tmut/Pois      4%         N/A       65%         6
 Fire Storm               Conj/Fire      41%        8d10      92%         9
 Chain Lightning          Conj/Air       21%        3d28      100%        9
 Shatter                  Erth           4%         3d7*      100%        9


Dungeon Overview and Level Annotations

Branches:
Dungeon (12/15)            Temple (0/1) D:4            Lair (2/5) D:11
    Orc (0/2) D:10        Volcano (1/1)
  Swamp: Lair:2-3    Shoals: Lair:2-3     Snake: Lair:2-3    Spider: Lair:2-3

Altars:
Cheibriados
Dithmenos
Fedhas
Kikubaaqudgha
Makhleb
Nemelex Xobeh
Qazlal
Trog
Vehumet
Wu Jian
The Shining One

Shops:
D:8 [

Annotations:
D:11 1 runed translucent door, p0werm0de's ghost, journeyman TeIE
Lair:1 exclusion: 3 oklob plants


Innate Abilities, Weirdness & Mutations

You can breathe blasts of scalding, opaque steam.
Your pale cyan-grey scales are hard. (AC +8)
You cannot fit into any form of body armour.
You are cold-blooded and may be slowed by cold attacks.
You are immune to the effects of steam.


Message History

The mystic blast hits the hell knight but does no damage.
The hell knight is heavily wounded.
The hell knight invokes the aid of its god against you.
The bolt of fire hits you! You resist.
* * * LOW HITPOINT WARNING * * *
Unknown command.
Casting: Iskenderun's Mystic Blast (mildly dangerous; 1% risk of failure)
Confirm with . or Enter, or press ? or * to list all spells.
You erupt in a blast of force!
The mystic blast hits the hell knight.
The hell knight is heavily wounded.
The hell knight is knocked back by the mystic blast.
The hell knight drinks a potion.
The hell knight is healed!
Unknown command.
Unknown command.
You have got your breath back.
Aiming: Breathe Steam (1% risk of failure)
Press: ? - help, Shift-Dir - straight line, f/p - hell knight
Aim: a hell knight, wielding a +0 halberd of flaming and wearing a +1 chain mail of fire resistance (moderately wounded, fast, 81% to hit)
You exhale a blast of scalding steam.
Unknown command.
Unknown command.
Unknown command.
Casting: Iskenderun's Mystic Blast (mildly dangerous; 1% risk of failure)
Confirm with . or Enter, or press ? or * to list all spells.
You erupt in a blast of force!
The mystic blast hits the hell knight but does no damage.
The hell knight is moderately wounded.
The hell knight barely misses you.
Unknown command.
Unknown command.
Unknown command.
Casting: Iskenderun's Mystic Blast (mildly dangerous; 1% risk of failure)
Confirm with . or Enter, or press ? or * to list all spells.
You erupt in a blast of force!
The mystic blast hits the hell knight but does no damage.
The hell knight is lightly wounded.
The hell knight hits you from afar with a +0 halberd of flaming.
* * * LOW HITPOINT WARNING * * *
The hell knight hits you from afar with a +0 halberd of flaming!
You die...

##§8...8≈≈≈#
##.....####
#...).#
#8§.§8#
#..p..#
#§.§..#
#8.p§8#
#§.§.§#
#.§@§.#
#8...8#
#.....#
#.....#
#8.∩.8#
##...##
##∩## ###


You could see a hell knight (fast).

Vanquished Creatures
  Gastronok (Lair:1)
  An ogre mage (Volcano)
  A boulder beetle (Lair:1)
  4 two-headed ogres
  Urug (Lair:1)
  Amaemon (D:7)
  3 manticores
  2 ugly things
  Maurice (D:8)
  Joseph (D:8)
  2 cane toads (Lair:1)
  A gargoyle (D:11)
  An orange demon (D:8)
  A komodo dragon (Lair:2)
  4 trolls
  5 blink frogs (Lair:1)
  A vampire (D:12)
  19 yaks
  A basilisk (Lair:2)
  2 steam dragons
  4 acid dragons
  6 water moccasins
  A black bear (D:6)
  12 orc warriors
  2 ice beasts
  A sky beast (D:7)
  5 centaurs
  3 ogres
  9 wolves
  3 phantoms
  Blork the orc (D:6)
  4 kobold brigands
  6 bullfrogs
  5 scorpions
  2 necrophages
  17 wights
  A howler monkey (D:8)
  2 jellies (D:5)
  2 hounds (D:5)
  12 orc priests
  A gnoll bouda (D:5)
  Jessica (D:2)
  5 iguanas
  9 orc wizards
  6 hell rats (Lair:1)
  A statue (D:5)
  8 gnolls
  7 adders
  A white imp (D:6)
  5 dart slugs
  77 orcs
  5 endoplasms
  5 giant cockroaches
  9 goblins
  6 hobgoblins
  5 quokkas
  14 ball pythons
  2 bats
  3 frilled lizards
  25 kobolds
  3 rats
349 creatures vanquished.

Vanquished Creatures (collateral kills)
  A foxfire (Lair:1)
1 creature vanquished.

Vanquished Creatures (others)
  357 foxfires
  10 fungi
  13 plants
380 creatures vanquished.

Grand Total: 730 creatures vanquished

Notes
Turn   | Place    | Note
-------+----------+-------------------------------------------
     0 | D:1      | gruber the Draconian Conjurer began the quest for the Orb.
     0 | D:1      | Reached XP level 1. HP: 14/14 MP: 3/3
   326 | D:2      | Reached XP level 2. HP: 20/20 MP: 3/5
  1008 | D:1      | Reached skill level 5 in Conjurations
  1009 | D:1      | Reached XP level 3. HP: 26/26 MP: 3/6
  1528 | D:1      | Found a faded altar of an unknown god.
  1746 | D:2      | Noticed Jessica
  1751 | D:2      | Killed Jessica
  1752 | D:2      | Reached XP level 4. HP: 31/33 MP: 1/7
  1760 | D:2      | Learned a level 2 spell: Searing Ray
  1765 | D:2      | Learned a level 4 spell: Iskenderun's Mystic Blast
  2194 | D:3      | Reached skill level 6 in Conjurations
  2257 | D:3      | You fall into a shaft and drop 3 floors!
  2260 | D:6      | Noticed a bullfrog
  2263 | D:6      | Noticed an orc warrior
  2264 | D:6      | Noticed an ogre
  2282 | D:6      | Killed a bullfrog
  2282 | D:6      | Killed an ogre
  2283 | D:6      | Reached skill level 7 in Conjurations
  2283 | D:6      | Reached XP level 5. HP: 5/38 MP: 1/8
  2302 | D:5      | Entered Level 5 of the Dungeon
  2302 | D:5      | Noticed an ice beast
  2383 | D:5      | Reached XP level 6. HP: 33/45 MP: 1/9
  2455 | D:5      | Found a radiant altar of Vehumet.
  2706 | D:5      | Reached skill level 8 in Conjurations
  2971 | D:5      | Your scales start taking on a pale cyan-grey colour.
  2971 | D:5      | Reached XP level 7. HP: 44/50 MP: 1/10
  2971 | D:5      | Gained mutation: You are immune to the effects of steam.
                  | [Pale Draconian growth]
  3129 | D:5      | Reached skill level 9 in Conjurations
  3173 | D:5      | Identified the +4 dagger of Distant Worlds {vorpal, rPois
                  | rN++}
  3512 | D:5      | Reached skill level 10 in Conjurations
  3512 | D:5      | Reached XP level 8. HP: 52/57 MP: 11/11
  4259 | D:5      | Became a worshipper of Vehumet
  5016 | D:3      | Reached * piety under Vehumet
  5016 | D:3      | Offered knowledge of Kiss of Death by Vehumet.
  5427 | D:4      | Found a staircase to the Ecumenical Temple.
  5739 | D:4      | Found a shadowy altar of Dithmenos.
  5739 | D:4      | Found a snail-covered altar of Cheibriados.
  5969 | D:6      | Noticed Blork the orc
  5976 | D:6      | Killed Blork the orc
  5977 | D:6      | Reached skill level 5 in Spellcasting
  6059 | D:6      | Reached XP level 9. HP: 62/62 MP: 2/18
  6280 | D:6      | Found a bloodstained altar of Trog.
  6281 | D:6      | Found an ornate altar of the Wu Jian Council.
  6282 | D:6      | Found a glowing golden altar of the Shining One.
  6283 | D:6      | Found a stormy altar of Qazlal.
  6346 | D:6      | Reached skill level 1 in Fighting
  6354 | D:6      | Reached ** piety under Vehumet
  6354 | D:6      | Offered knowledge of Foxfire by Vehumet.
  6647 | D:6      | Found a burning altar of Makhleb.
  6843 | D:7      | Learned a level 1 spell: Foxfire
  7042 | D:7      | Reached skill level 5 in Fighting
  7833 | D:8      | Noticed Maurice
  7835 | D:8      | Offered knowledge of Ignite Poison by Vehumet.
  8119 | D:8      | Found a sparkling altar of Nemelex Xobeh.
  8129 | D:8      | Reached *** piety under Vehumet
  8136 | D:8      | Noticed Amaemon
  8218 | D:8      | Noticed an orange demon
  8236 | D:7      | Killed Amaemon
  8237 | D:7      | Reached XP level 10. HP: 14/88 MP: 1/20
  8449 | D:8      | Killed an orange demon
  8591 | D:8      | Reached skill level 5 in Dodging
  8644 | D:8      | Killed Maurice
  8891 | D:8      | Reached skill level 1 in Fire Magic
  9013 | D:8      | Found Geopneet's Antique Armour Emporium.
  9019 | D:8      | Bought a pair of slimy boots for 323 gold pieces
  9019 | D:8      | Identified the +2 pair of boots of Qonniodo {Int+2 Dex+4
                  | Stlth+} (You bought it in a shop on level 8 of the Dungeon)
  9226 | D:8      | Noticed Joseph
  9233 | D:8      | Killed Joseph
  9274 | D:8      | Offered knowledge of Frozen Ramparts by Vehumet.
  9385 | D:8      | Found an ancient bone altar of Kikubaaqudgha.
  9424 | D:9      | Noticed a manticore
  9432 | D:9      | Killed a manticore
  9433 | D:9      | Reached skill level 5 in Fire Magic
  9699 | D:9      | Found a blossoming altar of Fedhas.
 10480 | D:9      | Noticed a two-headed ogre
 10495 | D:9      | Killed a two-headed ogre
 10496 | D:9      | Reached XP level 11. HP: 94/94 MP: 11/21
 10830 | D:10     | Entered Level 10 of the Dungeon
 10916 | D:10     | Reached **** piety under Vehumet
 10921 | D:10     | Offered knowledge of Arcjolt by Vehumet.
 11227 | D:10     | Found a staircase to the Orcish Mines.
 11452 | D:10     | Reached skill level 10 in Fire Magic
 11825 | D:11     | Noticed a two-headed ogre
 11838 | D:11     | Killed a two-headed ogre
 12097 | D:11     | Found a staircase to the Lair.
 12288 | D:11     | Noticed a white ugly thing
 12315 | D:11     | Killed a white ugly thing
 12479 | D:11     | Found a runed translucent door.
 12486 | D:11     | Noticed a spriggan rider
 12486 | D:11     | Noticed p0werm0de's ghost (journeyman TeIE)
 12487 | D:11     | Identified the +6 trident "Ejont" {vorpal, Str+3 Int+3}
 12779 | D:12     | Noticed a white ugly thing
 12796 | D:12     | Killed a white ugly thing
 12931 | D:12     | Noticed a boulder beetle
 13013 | Lair:1   | Entered Level 1 of the Lair of Beasts
 13090 | Lair:1   | Reached skill level 11 in Conjurations
 13151 | Lair:1   | Noticed Gastronok
 13162 | Lair:1   | Reached ***** piety under Vehumet
 13185 | Lair:1   | Offered knowledge of Ozocubu's Refrigeration by Vehumet.
 13186 | Lair:1   | Reached XP level 12. HP: 68/102 MP: 1/22
 13582 | Lair:1   | Killed Gastronok
 13583 | Lair:1   | Reached skill level 12 in Conjurations
 13970 | Lair:1   | Noticed Urug
 13988 | Lair:1   | Killed Urug
 14240 | Lair:1   | Noticed a boulder beetle
 14574 | Lair:1   | Reached skill level 13 in Conjurations
 15103 | Lair:1   | Killed a boulder beetle
 15388 | Lair:2   | Found a dark tunnel.
 15396 | Volcano  | Entered a volcano
 15412 | Volcano  | Noticed an ogre mage
 15441 | Volcano  | Paralysed by something for 5 turns
 15450 | Volcano  | Killed an ogre mage
 15451 | Volcano  | Found a bloodstained altar of Trog.
 15455 | Volcano  | Noticed a two-headed ogre
 15472 | Volcano  | Killed a two-headed ogre
 15590 | Volcano  | Noticed a two-headed ogre
 15609 | Volcano  | Killed a two-headed ogre
 15610 | Volcano  | Reached skill level 14 in Conjurations
 15616 | Volcano  | Slain by a hell knight

Illustrated notes

Levels and vault maps discovered:
D:1:      dpeg_arrival_three_bigger_balls, layout_rooms,
          shapermc_ecumenical_altar_petra
D:2:      layout_loops_corners, serial_forest, infiniplex_forest_zigzag_1,
          infiniplex_forest_clump_double, infiniplex_forest_fountain,
          infiniplex_forest_pool, infiniplex_forest_clump_tiny,
          infiniplex_forest_straight_4, infiniplex_forest_straight_3,
          infiniplex_forest_straight_2, minmay_tetromino_s4, uniq_jessica
D:3:      layout_loops_ring
D:4:      nicolae_cairo_tiling_large_dashed, layout_basic,
          gammafunk_temple_overflow_wave, minmay_temple_entry_butterflies
D:5:      layout_basic, vehumet_statue, st_stairs_9, nrook_loot_triangle,
          nicolae_zen_rock_garden, minmay_circle_x
D:6:      layout_rooms, mainiacjoe_overflow_alcove_3, lightli_temple_of_fire,
          uniq_blork_the_orc
D:7:      layout_gridville, enter_ossuary_2
D:8:      layout_cave_pools, mainiacjoe_overflow_boulevard,
          lemuel_coloured_pillars_altar, serial_shops, shop, nrook_uturn,
          uniq_amaemon, uniq_joseph, uniq_maurice
D:9:      layout_gridville, fedhas_altar_2
D:10:     layout_rooms, hiddenorc2_lemuel, minmay_misc_feat_chi,
          chequers_serial_rivers_small_3
D:11:     layout_gridville, lair_entry_dummy, ebering_ghost_funeral_grove
D:12:     minmay_box_of_curves, layout_irregular_city
Lair:1:   minmay_lair_oklob_chamber, layout_regular_city,
          infiniplex_staircase_pool, lemuel_fruit_tree, uniq_urug,
          uniq_gastronok
Lair:2:   layout_chaotic_city, dummy_snake_entry, nicolae_volcano_entry_hallway,
          serial_bayou_pond_b, chequers_serial_rivers_micro_d
Volcano:  kennysheep_volcano_temple

Skill      XL: |  1  2  3  4  5  6  7  8  9 10 11 12 |
---------------+-------------------------------------+-----
Conjurations   | 5 7 8 10 11 14 | 14.1
Spellcasting   | 6 7 |  7.1
Fighting       | 8 |  8.3
Dodging        | 3 6 |  6.0
Fire Magic     | 7 12 | 12.0
Stealth        | |  1.7

Action                   |  1- 3 |  4- 6 |  7- 9 | 10-12 || total
-------------------------+-------+-------+-------+-------++-------
Melee: Unarmed           |    37 |     7 |       |       ||    44
       Tailslap          |     8 |     4 |     5 |    16 ||    33
       Rapier            |       |    12 |       |       ||    12
       Flail             |       |       |    42 |       ||    42
       Dagger            |       |       |    41 |    65 ||   106
       Punch             |       |       |     1 |       ||     1
 Cast: Magic Dart        |    65 |    55 |   101 |    43 ||   264
       Searing Ray       |       |     7 |    31 |    50 ||    88
       Iskenderun's Myst |       |       |    12 |    89 ||   101
       Foxfire           |       |       |       |   194 ||   194
 Abil: Breathe Steam     |       |       |    34 |    64 ||    98
Evoke: Wand              |       |       |     1 |     6 ||     7
  Use: Potion            |       |       |     2 |     1 ||     3
 Stab: Sleeping          |       |       |     3 |     3 ||     6
Armor: Skin              |    19 |    16 |    48 |    52 ||   135
Dodge: Dodged            |    51 |    27 |   122 |   134 ||   334

Table legend: (Time is in decaauts)
 A = Elapsed time spent in this place.
 B = Non-inter-level travel time spent in this place.
 C = Inter-level travel time spent in this place.
 D = Time resting spent in this place.
 E = Time spent auto-exploring this place.
 F = Levels seen in this place.
 G = Mean time per level.
                   A        B        C        D        E       F      G
               +--------+--------+--------+--------+--------+-----+--------+
         Total |  15649 |  14920 |    729 |    504 |  11947 |  15 | 1043.3 |
       Dungeon |  13550 |  12874 |    676 |    396 |  10486 |  12 | 1129.2 |
          Lair |   1879 |   1827 |     52 |    108 |   1343 |   2 |  939.5 |
       Volcano |    219 |    219 |      0 |      0 |    117 |   1 |  219.0 |
               +--------+--------+--------+--------+--------+-----+--------+

Top non-repeatable levels by time:
     D:5: 2068 daAuts
  Lair:1: 1742 daAuts
     D:7: 1502 daAuts
    D:11: 1430 daAuts
     D:9: 1415 daAuts
     D:2: 1249 daAuts
     D:8: 1076 daAuts
     D:3: 986 daAuts
     D:6: 915 daAuts
     D:1: 828 daAuts
    D:10: 827 daAuts
     D:4: 814 daAuts
    D:12: 434 daAuts
 Volcano: 219 daAuts
  Lair:2: 137 daAuts
